 Zot Defence DCSS version 0.15.2 (webtiles) character file.

49 Kakkamies the Grave Robber (level 3, -17/22 (24) HPs)
             Began as a Mummy Necromancer on June 22, 2017.
             Killed by an exploding Pnaofux the giant spore (31 damage)
             ... in the Realm of Zot (Scenario V: Glassed Sandwich).
             The game lasted 00:05:29 (450 turns).

Kakkamies the Grave Robber (Mummy Necromancer)       Turns: 450, Time: 00:05:29

HP -17/22 (24)   AC  2     Str 11      XL: 3   Next: 51%
MP   6/6         EV 12     Int 15      God:
Gold 0           SH  0     Dex 12      Spells:  3 memorised,  1 level left

rFire  x . .     SeeInvis .     c - +0 dagger
rCold  + . .     Clarity  .     a - +0 robe
rNeg   + + +     rCorr    .     (no shield)
rPois  +         rRot     +     (no helmet)
rElec  .         Spirit   .     (no cloak)
SustAb .         Warding  .     (no gloves)
rMut   .         Stasis   .     (no boots)
Gourm  .                        (no amulet)
MR     .....                    (no ring)
                                (no ring)

@: not resistant to hostile enchantments, unstealthy
A: no food or potions, fire vulnerability, restore body, cold resistance 1,
negative energy resistance 3, poison resistance, torment resistance, unbreathing
a: Make oklob sapling, Make arrow trap


You were in the Realm of Zot.
You were not hungry.

You visited 1 branch

Inventory:

Hand weapons
 c - a +0 dagger (weapon)
Armour
 a - a +0 robe (worn)
Scrolls
 h - a scroll of blinking
Books
 b - a book of Necromancy

   Spells                             Type                      Level
   *Pain                              Necromancy                   1
   *Animate Skeleton                  Necromancy                   1
   *Vampiric Draining                 Necromancy                   3
   Regeneration                       Charms/Necromancy            3
   Animate Dead                       Necromancy                   4
   Control Undead                     Necromancy                   4


   Skills:
 + Level 2.0 Dodging
 - Level 1.5 Stealth
 + Level 2.1 Spellcasting
 + Level 5.0 Necromancy


You had one spell level left.
You knew the following spells:

 Your Spells              Type           Power        Failure   Level  Hunger
a - Pain                  Necr           ###.         2%          1    N/A
b - Animate Skeleton      Necr           N/A          2%          1    N/A
c - Vampiric Draining     Necr           ###.......   10%         3    N/A

Dungeon Overview and Level Annotations

Branches:
    Zot (1/1)

Altars:


Innate Abilities, Weirdness & Mutations

You do not eat or drink.
Your flesh is vulnerable to fire.
Your flesh is cold resistant.
You are immune to negative energy.
Your system is resistant to poisons.
You are immune to unholy pain and torment.
You can survive without breathing.


Message History

Pnaofux moves out of view.
Casting: Pain
Confirm with . or Enter, or press ? or * to list all spells.
You can't see any susceptible monsters within range! (Use Z to cast anyway.) Unknown command.
Unknown command.
Unknown command.
Press: ? - help, v - describe, . - travel
Here: Pnaofux the giant spore The floor.
Your oklob sapling spits acid at the rat.
The splash of acid hits the rat.
The rat dies!
Your Necromancy skill increases to level 5!
The kobold throws a stone.
The stone barely misses you.
Pnaofux the giant spore explodes!
The explosion of spores engulfs your oklob sapling.
The explosion of spores engulfs you!
Ouch! That really hurt!
You die...

▓▓▓▓▓▓▓▓▓▓▓▓▓▓▓▓▓▓▓▓▓▓▓▓▓▓▓▓▓▓▓▓▓
.................................
..............▓▓.▓▓..............
.............▓▓.g.▓▓.............
............▓▓..(..▓▓............
...........▓▓...)...▓▓...........
..........▓▓.........▓▓..........
▓▓▓▓▓▓▓▓▓▓▓.....%.....▓▓▓▓▓▓▓▓▓▓▓
∆∆∆∆∆∆▓▓▓▓▓▓▓▓▓P@.▓▓▓▓▓▓▓▓∆∆∆∆∆∆∆
▓▓▓▓▓▓▓▓▓▓▓.....K.....▓▓▓▓▓▓▓▓▓▓▓
..........▓▓....%....▓▓..........
...........▓▓.%.%...▓▓...........
............▓▓.....▓▓............
.............▓▓.).▓▓.............
..............▓▓.▓▓..............
.................................
▓▓▓▓▓▓▓▓▓▓▓▓▓▓▓▓▓▓▓▓▓▓▓▓▓▓▓▓▓▓▓▓▓


You could see a goblin, a kobold and a friendly oklob sapling.

Vanquished Creatures
  2 oozes (Zot)
  4 bats (Zot)
  2 goblins (Zot)
  A kobold (Zot)
  2 rats (Zot)
11 creatures vanquished.

Vanquished Creatures (collateral kills)
  An orc (Zot)
  2 goblins (Zot)
  4 bats (Zot)
  2 giant cockroaches (Zot)
  6 rats (Zot)
15 creatures vanquished.

Vanquished Creatures (others)
  2 bat skeletons (Zot)
  A goblin skeleton (Zot)
  An orc skeleton (Zot)
  A rat skeleton (Zot)
5 creatures vanquished.

Grand Total: 31 creatures vanquished

Notes
Turn   | Place    | Note
--------------------------------------------------------------
     0 | Zot      | Kakkamies, the Mummy Necromancer, began the quest for the Orb.
     0 | Zot      | Reached XP level 1. HP: 13/13 MP: 3/3
   242 | Zot      | Reached XP level 2. HP: 19/19 MP: 0/4
   261 | Zot      | Learned a level 1 spell: Animate Skeleton
   320 | Zot      | Reached XP level 3. HP: 6/22 MP: 0/6
   443 | Zot      | Learned a level 3 spell: Vampiric Draining
   447 | Zot      | Reached skill level 5 in Necromancy
   450 | Zot      | Killed by an exploding Pnaofux the giant spore

Action                   || total
-------------------------++-------
Melee: Unarmed           ||     2
       Dagger            ||    21
 Cast: Pain              ||    14
       Animate Skeleton  ||     5
 Abil: Make oklob saplin ||     1
